 Dungeon Crawl Stone Soup version 0.19.5 (webtiles) character file.

516 McKennaii the Magician (level 7, -3/37 HPs)
             Began as a Deep Elf Fire Elementalist on May 16, 2017.
             Was an Initiate of Vehumet.
             Slain by Pikel
             ... wielding a +1 whip of electrocution
              (16 damage)
             ... on level 4 of the Dungeon.
             The game lasted 00:07:03 (3603 turns).

McKennaii the Magician (Deep Elf Fire Elementalist) Turns: 3603, Time: 00:07:03

Health: -3/37      AC:  4    Str:  5    XL:     7   Next: 0%
Magic:  3/18       EV: 15    Int: 22    God:    Vehumet [......]
Gold:   250        SH:  0    Dex: 15    Spells: 4 memorised, 7 levels left

rFire  + . .     SeeInvis .     (no weapon)
rCold  . . .     Gourm    .     e - +0 leather armour {rF+}
rNeg   . . .     Faith    .     (no shield)
rPois  .         Spirit   .     u - +0 helmet
rElec  .         Reflect  .     (no cloak)
rCorr  .         Harm     .     (no gloves)
MR     .....                    (no boots)
Stlth  ++........               (no amulet)
                                (no ring)
                                q - +3 ring of evasion

@: very slightly contaminated
A: no striking features
a: Renounce Religion


You were on level 4 of the Dungeon.
You worshipped Vehumet.
Vehumet was noncommittal.
You were hungry.

You visited 1 branch of the dungeon, and saw 5 of its levels.

You collected 250 gold pieces.

Inventory:

Armour
 a - a +0 robe
 e - a +0 leather armour of fire resistance (worn)
 u - a +0 helmet (worn)
Jewellery
 q - a +3 ring of evasion (left hand)
Wands
 p - a wand of hasting (9/9)
Scrolls
 f - 2 scrolls of remove curse
 i - 3 scrolls of fear
 j - a scroll of recharging
 l - 4 scrolls of teleportation
 r - a scroll of blinking
Potions
 h - a potion of might {unknown}
 k - 6 potions of curing
 n - a potion of degeneration {unknown}
 s - a potion of cancellation {unknown}
 v - 2 potions of brilliance {unknown}
 z - a potion of magic {unknown}
Books
 b - a book of Flames

   Spells                             Type                      Level
   a - Flame Tongue                   Conjuration/Fire             1
   b - Throw Flame                    Conjuration/Fire             2
   c - Conjure Flame                  Conjuration/Fire             3
   d - Inner Flame                    Hexes/Fire                   3
   e - Sticky Flame                   Conjuration/Fire             4
   f - Fireball                       Conjuration/Fire             5
Comestibles
 c - 4 bread rations
 g - 2 slices of pizza
 m - 4 meat rations


   Skills:
 + Level 0.5 Fighting
 + Level 1.9 Armour
 + Level 2.9 Dodging
 + Level 3.5 Stealth
 + Level 6.1 Spellcasting
 + Level 3.2 Conjurations
 + Level 5.1 Fire Magic


You had 7 spell levels left.
You knew the following spells:

 Your Spells              Type           Power        Failure   Level  Hunger
a - Flame Tongue          Conj/Fire      ####.        2%          1    None
b - Throw Flame           Conj/Fire      ####..       4%          2    None
c - Conjure Flame         Conj/Fire      ####....     10%         3    #......
f - Fireball              Conj/Fire      ####......   78%         5    #####..


Dungeon Overview and Level Annotations

Branches:
Dungeon (5/15)             Temple (0/1) D:4

Altars:
Makhleb
Vehumet

Annotations:
D:4 Pikel


Message History

Pikel hits you with a whip of electrocution.
You are electrocuted!
Casting: Flame Tongue
Confirm with . or Enter, or press ? or * to list all spells.
Aiming: Flame Tongue
Press: ? - help, Shift-Dir - straight line, f/p - Pikel
Aim: Pikel, wielding a whip of electrocution and wearing a robe (almost dead, fast)
The flame tongue hits Pikel.
Pikel appears unharmed.
Pikel is almost dead.
Pikel barely misses you.
Casting: Flame Tongue
Confirm with . or Enter, or press ? or * to list all spells.
Aiming: Flame Tongue
Press: ? - help, Shift-Dir - straight line, f/p - Pikel
Aim: Pikel, wielding a whip of electrocution and wearing a robe (almost dead, fast)
The flame tongue hits Pikel.
Pikel appears unharmed.
Pikel is almost dead.
Pikel hits you with a whip of electrocution.
You are electrocuted!
You die...

.........########.#.######.#
..................#.# #)#
................###.# #.#
................# #.######)#
................# #.....##.#
..#'#####.......#######.##.###
#.......................#....#
#..............##########.####
#..............K@........)...#
#.............###########.#.##
....................# #.#.#
#.............#####.#####.#.#
#.............# #.#.....#.#
#.....#...#########.#.#####.#
#.....#...+...............#.#
......#...#########.#.###.#.#
..###...#.........#.#)###.#.#


You could see Pikel.

Vanquished Creatures
  An ogre (D:4)
  A necrophage (D:5)
  A scorpion (D:4)
  An orc wizard (D:4)
  An iguana (D:4)
  3 worker ants (D:4)
  A killer bee zombie (D:5)
  8 adders
  4 worms
  2 dart slugs
  2 leopard geckos
  3 orcs (D:4)
  5 giant cockroaches
  15 goblins
  10 hobgoblins
  9 kobolds
  A quokka (D:2)
  A bat (D:2)
  4 frilled lizards
  6 rats
79 creatures vanquished.

Notes
Turn   | Place    | Note
-------+----------+-------------------------------------------
     0 | D:1      | McKennaii the Deep Elf Fire Elementalist began the quest for the Orb.
     0 | D:1      | Reached XP level 1. HP: 10/10 MP: 6/6
   244 | D:1      | Reached XP level 2. HP: 12/15 MP: 1/8
   933 | D:2      | Reached XP level 3. HP: 19/19 MP: 7/10
   975 | D:2      | Found a faded altar of an unknown god.
   979 | D:2      | Learned a level 2 spell: Throw Flame
   984 | D:2      | Learned a level 3 spell: Conjure Flame
  1166 | D:2      | Reached skill level 4 in Spellcasting
  1310 | D:2      | Reached XP level 4. HP: 24/24 MP: 9/12
  1510 | D:3      | Found a radiant altar of Vehumet.
  1807 | D:3      | Became a worshipper of Vehumet
  1988 | D:3      | Found a burning altar of Makhleb.
  2123 | D:3      | Reached XP level 5. HP: 28/28 MP: 10/14
  2195 | D:3      | Learned a level 5 spell: Fireball
  2543 | D:4      | Found a staircase to the Ecumenical Temple.
  2565 | D:4      | Reached skill level 1 in Armour
  2570 | D:4      | Reached skill level 5 in Spellcasting
  2678 | D:4      | Reached XP level 6. HP: 25/32 MP: 5/15
  3194 | D:5      | Entered Level 5 of the Dungeon
  3199 | D:5      | Reached skill level 6 in Spellcasting
  3199 | D:5      | Reached skill level 5 in Fire Magic
  3232 | D:5      | Reached XP level 7. HP: 37/37 MP: 12/18
  3244 | D:5      | Noticed Pikel
  3603 | D:4      | Slain by Pikel

Skill      XL: |  1  2  3  4  5  6 |
---------------+-------------------+-----
Fire Magic     | 4 5 |  5.1
Spellcasting   | 4 5 6 |  6.1
Conjurations   | 2 3 |  3.2
Stealth        | 3 |  3.5
Armour         | 1 |  1.9
Fighting       | |  0.5
Dodging        | |  2.9

Action                   |  1- 3 |  4- 6 |  7- 9 || total
-------------------------+-------+-------+-------++-------
Melee: Unarmed           |     1 |     6 |       ||     7
 Cast: Flame Tongue      |    66 |   105 |    17 ||   188
       Throw Flame       |       |     2 |     1 ||     3
       Conjure Flame     |       |     1 |     1 ||     2
  Use: Scroll            |       |    11 |     1 ||    12
  Eat: Chunk             |     1 |     5 |       ||     6
       Beef jerky        |       |       |     1 ||     1
Armor: Robe              |     1 |       |       ||     1
       Leather armour    |     1 |    13 |       ||    14
Dodge: Dodged            |    10 |    68 |    12 ||    90
